 Dungeon Crawl Stone Soup version 0.25-a0-942-g87a53962fc (webtiles) character file.

Game seed: 14532377865610186813, levelgen mode: deterministic

893 Gwenloh the Skirmisher (level 8, -2/61 HPs)
             Began as a Human Fighter on May 7, 2020.
             Was a Believer of Elyvilon.
             Killed from afar by an oklob sapling (6 damage)
             ... with a splash of acid
             ... on level 5 of the Dungeon.
             The game lasted 00:16:41 (5565 turns).

Gwenloh the Skirmisher (Human Fighter)              Turns: 5565, Time: 00:16:42

Health: -2/61      AC: 10    Str: 16    XL:     8   Next: 27%
Magic:  8/8        EV: 11    Int:  9    God:    Elyvilon [**....]
Gold:   242        SH:  5    Dex: 15    Spells: 7/7 levels left

rFire    + . .     SeeInvis .   a - +1 long sword (freeze)
rCold    + . .     Gourm    .   L - +0 buckler
rNeg     . . .     Faith    .   y - +2 scale mail {rF+}
rPois    .         Spirit   .   (no helmet)
rElec    .         Reflect  .   w - +0 cloak
rCorr    .         Harm     .   (no gloves)
MR       .....                  (no boots)
Stlth    ..........             (no amulet)
HPRegen  0.20/turn              l - ring of protection from cold
MPRegen  0.11/turn              m - +4 ring of protection

@: corroded
A: no striking features
a: Lesser Healing, Heal Other, Divine Protection, Renounce Religion


You were on level 5 of the Dungeon.
You worshipped Elyvilon.
Elyvilon was pleased with you.
You were not hungry.

You visited 1 branch of the dungeon, and saw 6 of its levels.

You collected 242 gold pieces.

Inventory:

Hand Weapons
 a - a +1 long sword of freezing (weapon)
 b - a +0 hunting sling
 u - a +0 trident
Missiles
 h - 213 stones
 r - 8 curare-tipped darts
 v - 2 boomerangs (quivered)
 x - 17 bolts
Armour
 c - a +0 kite shield
 n - a +0 scale mail
 w - a +0 cloak (worn)
 y - a +2 scale mail of fire resistance (worn)
 L - a +0 buckler (worn)
 M - the +1 ring mail "Rorch" {rC+ rN++ SInv, unknown}
   (You found it on level 5 of the Dungeon)

   It protects you from cold.
   It greatly protects you from negative energy.
   It lets you see invisible.
Jewellery
 l - a ring of protection from cold (left hand)
 m - a +4 ring of protection (right hand)
Wands
 E - a wand of iceblast (5)
 G - a wand of disintegration (15)
Scrolls
 d - a scroll of amnesia
 g - a scroll of fog
 k - 4 scrolls of teleportation
 z - a scroll of magic mapping
 C - a scroll of blinking {unknown}
 I - a scroll of identify
 K - a scroll of remove curse {unknown}
Potions
 e - 2 potions of haste
 i - 3 potions of curing
 j - 2 potions of magic
 o - 2 potions of mutation {unknown}
 p - a potion of stabbing {unknown}
 q - a potion of brilliance {unknown}
 s - a potion of invisibility {unknown}
 t - 2 potions of berserk rage {unknown}
 A - 2 potions of heal wounds {unknown}
 B - a potion of degeneration {unknown}
 D - a potion of resistance {unknown}
 H - a potion of ambrosia {unknown}
 J - a potion of might
Comestibles
 f - 4 rations
 F - a chunk of flesh


   Skills:
 + Level 4.9 Fighting
 + Level 4.2 Long Blades
 + Level 4.8 Armour
 + Level 3.5 Dodging
 + Level 4.8 Shields
 + Level 1.1 Invocations
 + Level 1.0 Evocations


You had 7 spell levels left.
You didn't know any spells.
Your spell library was empty.

Dungeon Overview and Level Annotations

Branches:
Dungeon (6/15)             Temple (0/1) D:5

Altars:
Elyvilon
Nemelex Xobeh
Ru
Trog

Annotations:
D:5 exclusion: oklob sapling
D:6 Sigmund


Message History

The plant is severely damaged.
You hit the plant. You freeze the plant.
The plant is almost destroyed.
You hit the plant but do no damage.
The plant is almost destroyed.
You slash the plant! You freeze the plant.
You destroy the plant!
The oklob sapling spits acid at you. The splash of acid hits you.
You are splashed with acid!
You hit the oklob sapling but do no damage.
The oklob sapling spits acid at you. The splash of acid hits you!
You are splashed with acid!
The oklob sapling spits acid at you. The splash of acid hits you.
The acid corrodes you!
You are splashed with acid!
* * * LOW HITPOINT WARNING * * *
There is a staircase to the Ecumenical Temple here.
You can't go up here!
The oklob sapling spits acid at you. The splash of acid hits you.
You die...

#.# ###### ##.##################
#....##### ....................#
#.##.#.... .#.#.......####.....#
#.##...... ##.#.#####.####.....#
#.##...... ...#.#
#.##..P....##.#.##...... ####.#
#.#.P.P.P.P.?.#.#....... # #.#
#.#..PP.PP.####.#....... # #.#
#.#.PPP@.P.# #.'....... #
#.#####.#.PPPP.PP.# ###....###
####..#....#..P.PPP..# #.......
#.........[....PP..P.# ###.#####
#............##......####...#####
........................'........
#...............###+#####.....###
#............)..###.####......#
#...............##.....#......#


You could see an oklob sapling.

Vanquished Creatures
  2 ogres
  A centaur (D:6)
  2 scorpions
  A howler monkey (D:4)
  A bullfrog zombie (D:5)
  An orc wizard (D:3)
  2 orc priests
  Jessica (D:3)
  A worker ant (D:5)
  7 gnolls
  14 adders
  3 oozes
  4 worms
  2 dart slugs
  3 leopard geckos
  11 orcs
  3 ball pythons
  6 bats
  8 giant cockroaches
  12 goblins
  11 hobgoblins
  5 jackals (D:2)
  3 quokkas
  3 frilled lizards
  7 kobolds
  A leopard gecko zombie (D:6)
  7 rats
  A plant (D:5)
123 creatures vanquished.

Notes
Turn   | Place    | Note
-------+----------+-------------------------------------------
     0 | D:1      | Gwenloh the Human Fighter began the quest for the Orb.
     0 | D:1      | Reached XP level 1. HP: 18/18 MP: 1/1
   170 | D:1      | Reached XP level 2. HP: 23/24 MP: 2/2
   512 | D:1      | Reached XP level 3. HP: 29/29 MP: 3/3
   826 | D:2      | Reached skill level 1 in Dodging
   895 | D:2      | Reached XP level 4. HP: 22/35 MP: 4/4
  1717 | D:2      | Reached XP level 5. HP: 31/42 MP: 5/5
  2469 | D:3      | Noticed an ogre
  2481 | D:3      | Killed an ogre
  2481 | D:3      | Reached XP level 6. HP: 35/48 MP: 6/6
  2617 | D:3      | Noticed Jessica
  2623 | D:3      | Killed Jessica
  2973 | D:3      | Found a faded altar of an unknown god.
  3039 | D:3      | Reached XP level 7. HP: 22/54 MP: 7/7
  3438 | D:3      | Found a white marble altar of Elyvilon.
  3443 | D:3      | Became a worshipper of Elyvilon the Healer
  4165 | D:4      | Reached * piety under Elyvilon
  4263 | D:4      | You fall into a shaft and drop 2 floors!
  4285 | D:6      | Found a sparkling altar of Nemelex Xobeh.
  4290 | D:6      | Noticed Sigmund
  4334 | D:5      | Entered Level 5 of the Dungeon
  4487 | D:4      | Found a bloodstained altar of Trog.
  4489 | D:4      | Found a sacrificial altar of Ru.
  4611 | D:4      | Reached XP level 8. HP: 30/61 MP: 8/8
  5040 | D:5      | Reached ** piety under Elyvilon
  5201 | D:5      | Found a staircase to the Ecumenical Temple.
  5311 | D:5      | Reached skill level 1 in Invocations
  5408 | D:5      | Reached skill level 1 in Evocations
  5531 | D:5      | Got a distressingly furry ring mail
  5565 | D:5      | Killed from afar by an oklob sapling

Levels and vault maps discovered:
D:1:      ncdulo_lavacross, layout_loops_ring, nrook_mini_backslash
D:2:      layout_basic
D:3:      wad_crossroads, layout_basic, marbit_many_paths,
          chequers_ecumenical_altar_simple, serial_co_window_serial,
          co_window_paths_a, co_window_paths_a, co_window_corner_a,
          co_window_cross_1, co_window_paths_a, co_window_of_opportunity_a,
          co_window_paths_b, co_window_of_opportunity_c,
          co_window_of_opportunity_b, co_window_corner_cb, co_window_broadway_c,
          co_window_corner_b, co_window_corner_ca, glass_columns_c,
          glass_columns_a, glass_columns_c, glass_columns_a, glass_columns_b,
          uniq_jessica
D:4:      layout_loops_cross, minitemple, first_ration
D:5:      layout_basic, minmay_temple_entry_oklob
D:6:      layout_basic, overflow_temple_1_default,
          nemelex_xobeh_ov_fountains_minmay, uniq_sigmund, uniq_grinder

Skill      XL: |  1  2  3  4  5  6  7  8 |
---------------+-------------------------+-----
Dodging        | 1 2 3 |  3.5
Long Blades    | 3 4 |  4.2
Armour         | 4 |  4.8
Fighting       | 4 |  4.9
Shields        | 4 |  4.8
Invocations    | 1 |  1.1
Evocations     | 1 |  1.0

Action                   |  1- 3 |  4- 6 |  7- 9 || total
-------------------------+-------+-------+-------++-------
Melee: Long sword        |    92 |   132 |   154 ||   378
 Fire: Hunting sling     |    10 |    70 |    41 ||   121
Throw: Boomerang         |       |       |     2 ||     2
  Use: Scroll            |     5 |     1 |     4 ||    10
       Potion            |       |     1 |       ||     1
  Eat: Chunk             |       |     7 |     8 ||    15
Armor: Scale mail        |    43 |    59 |    74 ||   176
Dodge: Dodged            |    24 |    47 |    61 ||   132
Block: Kite shield       |    55 |    62 |    70 ||   187
       Buckler           |       |       |     6 ||     6
       Rpst.: Long sword |     4 |    15 |    13 ||    32

Table legend:
 A = Non-vault XP
 B = Vault XP
 C = Vault XP percentage of total XP
 D = Non-vault monster count
 E = Vault monster count
 F = Vault count percentage of total count
                 A         B        C        D         E       F
            +---------+---------+-------+---------+---------+-------
      Total |    1215 |      62 |   4.9 |     116 |       6 |   4.9
            +---------+---------+-------+---------+---------+-------
        D:1 |      39 |       0 |   0.0 |      22 |       0 |   0.0
        D:2 |     173 |       0 |   0.0 |      28 |       0 |   0.0
        D:3 |     366 |      62 |  14.5 |      37 |       6 |  14.0
        D:4 |     335 |       0 |   0.0 |      13 |       0 |   0.0
        D:5 |     178 |       0 |   0.0 |      12 |       0 |   0.0
        D:6 |     124 |       0 |   0.0 |       4 |       0 |   0.0
            +---------+---------+-------+---------+---------+-------
